 Dungeon Crawl Stone Soup version 0.29.1-15-g9cfb28693d (webtiles) character file.

Game seed: 4998310296222563089

2437989 TittyCrusher the Sorcerer (level 27, 199/199 HPs)
             Began as an Octopode Earth Elementalist on Apr 19, 2023.
             Was the Champion of Vehumet.
             Escaped with the Orb
             ... and 4 runes on Apr 21, 2023!
             The game lasted 05:17:18 (73590 turns).

TittyCrusher the Sorcerer (OpEE)                   Turns: 73590, Time: 05:17:18

Health: 199/199    AC: -1    Str:  6    XL:     27
Magic:  56/56      EV: 29    Int: 65    God:    Vehumet [******]
Gold:   8086       SH:  5    Dex: 33    Spells: 0/73 levels left

rFire   + + +      SeeInvis .   a - +6 Majin-Bo {vamp, MP+6 Int+6}
rCold   + . .      Faith    .   (shield currently unavailable)
rNeg    + + +      Spirit   .   j - -2 hat of the Alchemist {rElec rPois rF+ rC+ rN+ Will+ rMut rCorr}
rPois   +          Reflect  +   Q - amulet of Ycoij {Reflect Harm Dex+4 SH+5 Stlth+}
rElec   +          Harm     +   M - ring "Idiak" {Will+ Str+6}
rCorr   +          Rampage  .   p - +6 ring of intelligence
rMut    +                       v - ring "Pivvit" {rF+ rN+ Str-3 Int+6 Dex+2}
Will    ++++.                   C - +6 ring of intelligence
Stlth   +++.......              X - +6 ring of intelligence
HPRegen 0.43/turn               q - +6 ring of dexterity
MPRegen 0.35/turn               h - +6 ring of dexterity
                                I - ring "Jinliz" {rF+ rN+ Stlth+}

@: studying 2 skills
A: almost no armour, amphibious, 8 rings, camouflage 1, gelatinous body 1,
(nimble swimmer 1), tentacles, clever 2, deterioration 1, weak 1
0: Orb of Zot
}: 4/15 runes: decaying, slimy, silver, gossamer
a: Renounce Religion


You escaped.
You worshipped Vehumet.
Vehumet was exalted by your worship.
You visited 12 branches of the dungeon, and saw 56 of its levels.
You completed 1 ziggurat, and saw 27 of its levels.
You also visited: Ossuary, Bailey, Volcano and Wizlab.

You collected 12009 gold pieces.
You spent 3923 gold pieces at shops.

Inventory:

Hand Weapons
 a - the +6 Majin-Bo (weapon) {vamp, MP+6 Int+6}
   (You took it off a Hellbinder in a wizard's laboratory)

   It heals its wielder for a portion of the damage dealt when they wound a
   living foe with it or with a spell.
   Its wielder's spells cost health as well as magical power.
   Int:       It affects your intelligence (+6).
   MP:        It affects your magic capacity (+6).
 k - the +7 sceptre of Torment {pain, torment}
   (You found it on level 12 of a ziggurat)

   In the hands of one skilled in necromantic magic, it inflicts extra damage on
   living creatures.
   It occasionally torments all nearby living foes when it strikes in combat.
Missiles
 g - 4 throwing nets (quivered)
Armour
 j - the -2 hat of the Alchemist (worn) {rElec rPois rF+ rC+ rN+ Will+ rMut rCorr}
   (You found it on level 2 of the Realm of Zot)

   rF:        It protects you from fire.
   rC:        It protects you from cold.
   rElec:     It insulates you from electricity.
   rPois:     It protects you from poison.
   rN:        It protects you from negative energy.
   rCorr:     It protects you from acid and corrosion.
   rMut:      It protects you from mutation.
   Will:      It increases your willpower.
 s - the +0 mask of the Dragon {Will+ Slay+3 SInv}
   (You acquired it on level 25 of a ziggurat)

   Slay:      It affects your accuracy & damage with ranged weapons and melee
   (+3).
   SInv:      It lets you see invisible.
   Will:      It increases your willpower.
 A - the +1 buckler of Loawneosh {rF++ rN+++ Int+4 Slay-4}
   (You found it on level 15 of a ziggurat)

   Int:       It affects your intelligence (+4).
   Slay:      It affects your accuracy & damage with ranged weapons and melee
   (-4).
   rF:        It greatly protects you from fire.
   rN:        It renders you almost immune to negative energy.
Magical Staves
 L - a staff of conjuration
Jewellery
 b - the ring "Sivailik" {Ice +Blink Fly Will- MP+9}
   (You found it on level 27 of a ziggurat)

   [ring of ice]

   It enhances your ice magic.
   rF:        It makes you vulnerable to fire.
   rC:        It protects you from cold.
   MP:        It affects your magic capacity (+9).
   Fly:       It grants you flight.
   +Blink:    It lets you blink.
   Will:      It decreases your willpower.
 h - a +6 ring of dexterity (on tentacle)
 i - the amulet "Qukhluaxyu" {Fragile Regen+ Str+4 Int+4 Slay+3}
   (You found it on level 13 of a ziggurat)

   [amulet of regeneration]

   Str:       It affects your strength (+4).
   Int:       It affects your intelligence (+4).
   Slay:      It affects your accuracy & damage with ranged weapons and melee
   (+3).
   Regen:     It increases your rate of health regeneration.
   Fragile:   It will be destroyed if unequipped.
 p - a +6 ring of intelligence (right tentacle)
 q - a +6 ring of dexterity (on tentacle)
 u - the amulet "Huhep" {Acrobat rElec rF+ rC++}
   (You found it on level 16 of a ziggurat)

   [amulet of the acrobat]

   It increases your evasion while moving and waiting.
   rF:        It protects you from fire.
   rC:        It greatly protects you from cold.
   rElec:     It insulates you from electricity.
 v - the ring "Pivvit" (on tentacle) {rF+ rN+ Str-3 Int+6 Dex+2}
   (You found it on level 5 of the Vaults)

   [ring of positive energy]

   Str:       It affects your strength (-3).
   Int:       It affects your intelligence (+6).
   Dex:       It affects your dexterity (+2).
   rF:        It protects you from fire.
   rN:        It protects you from negative energy.
 C - a +6 ring of intelligence (on tentacle)
 I - the ring "Jinliz" (on tentacle) {rF+ rN+ Stlth+}
   (You found it on level 18 of a ziggurat)

   [ring of protection from fire]

   rF:        It protects you from fire.
   rN:        It protects you from negative energy.
   Stlth:     It makes you more stealthy.
 M - the ring "Idiak" (left tentacle) {Will+ Str+6}
   (You acquired it on level 25 of a ziggurat)

   [ring of strength]

   Str:       It affects your strength (+6).
   Will:      It increases your willpower.
 N - a ring of willpower
 O - the ring "Haupp" {Fire Will+ Dex+2}
   (You acquired it on level 1 of the Swamp)

   [ring of fire]

   It enhances your fire magic.
   Dex:       It affects your dexterity (+2).
   rF:        It protects you from fire.
   rC:        It makes you vulnerable to cold.
   Will:      It increases your willpower.
 Q - the amulet of Ycoij (around mantle) {Reflect Harm Dex+4 SH+5 Stlth+}
   (You took it off a deep elf annihilator on level 3 of the Elven Halls)

   [amulet of reflection]

   It reflects blocked missile attacks.
   Dex:       It affects your dexterity (+4).
   SH:        It affects your SH (+5).
   Harm:      It increases damage dealt and taken.
   Stlth:     It makes you more stealthy.
 S - the amulet of the Four Winds {rN+ Will+++ Clar}
   (You found it on level 20 of a ziggurat)

   [amulet of nothing]

   rN:        It protects you from negative energy.
   Clar:      It protects you against confusion.
   Will:      It greatly increases your willpower.
 U - the ring of the Moon {rPois rCorr Str+3}
   (You found it on level 5 of the Lair of Beasts)

   [ring of resist corrosion]

   Str:       It affects your strength (+3).
   rPois:     It protects you from poison.
   rCorr:     It protects you from acid and corrosion.
 V - the ring "Qougee" {*Slow rPois rN++ rCorr Slay+2}
   (You took it off an orc on level 10 of the Dungeon)

   [ring of resist corrosion]

   Slay:      It affects your accuracy & damage with ranged weapons and melee
   (+2).
   rPois:     It protects you from poison.
   rN:        It greatly protects you from negative energy.
   rCorr:     It protects you from acid and corrosion.
   *Slow:     It may slow you when you take damage.
 W - the ring of Shadows {Umbra +Inv Stlth+}
   (You found it on level 3 of the Swamp)

   [ring of stealth]

   It surrounds you with an aura of shadow, increasing your stealth and reducing
   the accuracy of all others within it.
   +Inv:      It lets you turn invisible.
   Stlth:     It makes you more stealthy.
 X - a +6 ring of intelligence (on tentacle)
 Z - a ring of protection from cold
Wands
 n - a wand of quicksilver (24)
 y - a wand of digging (22)
Scrolls
 e - 14 scrolls of magic mapping
 l - 44 scrolls of teleportation
 t - 13 scrolls of immolation
 D - 15 scrolls of fog
 E - 9 scrolls of blinking
 F - 12 scrolls of amnesia
 H - 13 scrolls of fear
Potions
 c - 34 potions of curing
 d - 5 potions of lignification
 f - 10 potions of cancellation
 m - 10 potions of magic
 o - 7 potions of brilliance
 r - 24 potions of mutation
 w - 14 potions of flight
 x - 18 potions of might
 z - 9 potions of haste
 B - 15 potions of heal wounds
 J - 8 potions of ambrosia
 P - 10 potions of invisibility
 R - 7 potions of resistance
Miscellaneous
 G - a lightning rod (4/4)
 K - a tin of tremorstones (2/2)
 T - a condenser vane
 Y - a +1 figurine of a ziggurat


   Skills:
 - Level 19.4 Fighting
 - Level 1.6(9.1) Polearms
 - Level 13.9(14.0) Staves
 - Level 13.0 Dodging
 - Level 9.8 Stealth
 - Level 11.9 Shields
 - Level 23.9 Spellcasting
 - Level 21.5 Conjurations
 + Level 6.7 Necromancy
 - Level 2.0 Translocations
 - Level 9.9 Transmutations
 - Level 21.9 Fire Magic
 - Level 20.6 Ice Magic
 - Level 15.0 Air Magic
 - Level 22.1 Earth Magic
 - Level 16.0 Evocations


You couldn't memorise any spells.
You knew the following spells:

 Your Spells              Type           Power      Damage    Failure   Level
a - Sandblast             Erth           100%       2d20      0%          1
b - Shatter               Erth           76%        3d55*     1%          9
c - Ozocubu's Refrigerat  Ice            74%        4d24      0%          7
d - Ignition              Fire           76%        3d20      1%          8
e - Polar Vortex          Ice            74%        N/A       1%          9
f - Fire Storm            Conj/Fire      75%        8d19      1%          9
g - Iron Shot             Conj/Erth      76%        9d14      0%          6
h - Maxwell's Capacitive  Air            67%        ∞         1%          8
i - Blink                 Tloc           100%       N/A       1%          2
j - Statue Form           Tmut/Erth      91%        N/A       0%          6
k - Necromutation         Tmut/Necr      56%        N/A       16%         8

Your spell library contained the following spells:

 Spells                   Type           Power      Damage    Failure   Level
 Foxfire                  Conj/Fire      100%       2x1d9     0%          1
 Freeze                   Ice            100%       1d11      0%          1
 Magic Dart               Conj           100%       1d8       0%          1
 Necrotise                Necr           100%       1d9       0%          1
 Shock                    Conj/Air       100%       1d9       0%          1
 Sting                    Tmut/Pois      100%       1d8       0%          1
 Ensorcelled Hibernation  Hex/Ice        100%       N/A       0%          2
 Passwall                 Tmut/Erth      100%       N/A       0%          2
 Poisonous Vapours        Pois/Air       100%       N/A       0%          2
 Searing Ray              Conj           100%       2d8       0%          2
 Static Discharge         Conj/Air       100%       3-16/arc  0%          2
 Sublimation of Blood     Necr           100%       N/A       0%          2
 Wereblood                Tmut           100%       N/A       0%          2
 Conjure Flame            Conj/Fire      100%       6-21      0%          3
 Dazzling Flash           Conj/Hex       100%       N/A       0%          3
 Frozen Ramparts          Ice            100%       1d16      0%          3
 Ignite Poison            Fire/Tmut/Pois 100%       N/A       0%          3
 Inner Flame              Hex/Fire       100%       N/A       0%          3
 Mephitic Cloud           Conj/Pois/Air  100%       N/A       0%          3
 Ozocubu's Armour         Ice            100%       N/A       0%          3
 Stone Arrow              Conj/Erth      100%       3d13      0%          3
 Swiftness                Air            100%       N/A       0%          3
 Vampiric Draining        Necr           100%       2d13      0%          3
 Airstrike                Air            67%        2d(10-26) 0%          4
 Flame Wave               Conj/Fire      100%       2d21      0%          4
 Fulminant Prism          Conj/Hex       60%        3d27      0%          4
 Hailstorm                Conj/Ice       100%       3d20      0%          4
 Ice Form                 Ice/Tmut       100%       N/A       0%          4
 Iskenderun's Mystic Bla  Conj/Tloc      100%       2d19      0%          4
 Leda's Liquefaction      Hex/Erth       61%        N/A       0%          4
 Petrify                  Tmut/Erth      100%       N/A       0%          4
 Sticky Flame             Conj/Fire      100%       2d11      0%          4
 Summon Ice Beast         Ice/Summ       100%       N/A       0%          4
 Borgnjor's Vile Clutch   Necr/Erth      66%        N/A       0%          5
 Fireball                 Conj/Fire      75%        3d28      0%          5
 Freezing Cloud           Conj/Ice/Air   72%        6-21      0%          5
 Irradiate                Conj/Tmut      68%        3d34      0%          5
 Iskenderun's Battlesphe  Conj           100%       2d15      0%          5
 Lee's Rapid Deconstruct  Erth           76%        3d35*     0%          5
 Lightning Bolt           Conj/Air       71%        1d96      0%          5
 Conjure Ball Lightning   Conj/Air       71%        3x3d26    0%          6
 Starburst                Conj/Fire      75%        6d19      0%          6
 Orb of Destruction       Conj           75%        9d17      0%          7
 Apportation              Tloc           100%       N/A       1%          1
 Slow                     Hex            100%       N/A       1%          1
 Summon Small Mammal      Summ           100%       N/A       1%          1
 Call Canine Familiar     Summ           67%        N/A       1%          3
 Confusing Touch          Hex            67%        N/A       1%          3
 Gell's Gravitas          Tloc           81%        N/A       1%          3
 Lesser Beckoning         Tloc           81%        N/A       1%          3
 Portal Projectile        Hex/Tloc       100%       N/A       1%          3
 Summon Guardian Golem    Hex/Summ       67%        N/A       1%          3
 Teleport Other           Tloc           81%        N/A       1%          3
 Tukima's Dance           Hex            67%        N/A       1%          3
 Animate Dead             Necr           100%       N/A       1%          4
 Cause Fear               Hex            33%        N/A       1%          4
 Corpse Rot               Necr/Pois/Air  100%       N/A       1%          4
 Dispel Undead            Necr           100%       3d31      1%          4
 Olgreb's Toxic Radiance  Pois           67%        N/A       1%          4
 Passage of Golubria      Tloc           81%        N/A       1%          4
 Summon Lightning Spire   Summ/Air       100%       N/A       1%          4
 Agony                    Necr           100%       N/A       1%          5
 Alistair's Intoxication  Tmut/Pois      64%        N/A       1%          5
 Blade Hands              Tmut           59%        N/A       1%          5
 Manifold Assault         Tloc           81%        N/A       1%          5
 Metabolic Englaciation   Hex/Ice        59%        N/A       1%          5
 Silence                  Hex/Air        54%        N/A       1%          5
 Summon Forest            Summ/Tloc      37%        N/A       1%          5
 Yara's Violent Unravell  Hex/Tmut       48%        3d19      1%          5
 Death Channel            Necr           52%        N/A       1%          6
 Eringya's Noxious Bog    Tmut/Pois      48%        N/A       1%          6
 Simulacrum               Ice/Necr       65%        N/A       1%          6
 Dragon Form              Tmut           59%        N/A       1%          7
 Spellforged Servitor     Conj/Summ      60%        N/A       1%          7
 Storm Form               Tmut/Air       63%        N/A       1%          7
 Lehudib's Crystal Spear  Conj/Erth      76%        10d17     1%          8
 Summon Mana Viper        Hex/Summ       67%        N/A       2%          5
 Dispersal                Tloc           40%        N/A       5%          6
 Summon Cactus Giant      Summ           33%        N/A       12%         6
 Haunt                    Necr/Summ      44%        N/A       16%         7
 Borgnjor's Revivificati  Necr           52%        N/A       30%         8
 Infestation              Necr           52%        N/A       30%         8
 Malign Gateway           Summ/Tloc      37%        N/A       41%         7
 Enfeeble                 Hex            33%        N/A       54%         7
 Monstrous Menagerie      Summ           33%        N/A       54%         7
 Summon Hydra             Summ           33%        N/A       54%         7
 Disjunction              Tloc           40%        N/A       92%         8
 Discord                  Hex            33%        N/A       99%         8
 Summon Horrible Things   Summ           33%        N/A       99%         8
 Death's Door             Necr           52%        N/A       99%         9
 Dragon's Call            Summ           33%        N/A       100%        9


Dungeon Overview and Level Annotations

Branches:
Dungeon (15/15)            Temple (1/1) D:6            Lair (5/5) D:11
  Swamp (4/4) Lair:3       Spider (4/4) Lair:3        Slime (5/5) Lair:4
    Orc (2/2) D:9             Elf (3/3) Orc:2        Vaults (5/5) D:14
  Crypt (3/3) Vaults:2       Tomb (0/3) Crypt:3      Depths (4/4) D:15
    Zot (5/5) Depths:4    Ossuary (visited)          Bailey (visited)
Volcano (visited)          WizLab (visited)

Altars:
Ashenzari
Cheibriados
Dithmenos
Elyvilon
Fedhas
Gozag
Hepliaklqana
Kikubaaqudgha
Makhleb
Nemelex Xobeh
Okawaru
Qazlal
Ru
Sif Muna
Trog
Uskayaw
Vehumet
Wu Jian
Xom
Yredelemnul
Zin
The Shining One
Jiyva

Shops:
D:3 :   D:8 (   Orc:2 **([   Vaults:1 *   Vaults:3 =![

Portals:
Hell: Depths:1 Depths:2 Depths:3 Depths:4
Abyss: Depths:3 Depths:4
Pandemonium: Depths:1 Depths:2

Annotations:
D:3 exclusion: downstairs
D:4 exclusion: downstairs
D:6 exclusion: downstairs
Temple 2 transporters
Swamp:4 exclusion: 2 ice statues
Spider:1 3 runed translucent doors, TittyCrusher's ghost, journeyman DsGl; bronco's ghost, adept HuAE
Elf:2 3 runed translucent doors
Vaults:1 exclusion: downstairs
Zot:4 2 transporters


Innate Abilities, Weirdness & Mutations

You cannot wear most types of armour.
You are amphibious.
You can wear up to eight rings at the same time.
Your skin changes colour to match your surroundings (Stealth+).
Your rubbery body absorbs attacks. (AC +1, EV +1)
((You are camouflaged when in or above water. (Stealth+)))
You have tentacles for arms and can constrict up to eight enemies at once.
Your mind is very acute. (Int +8, Str/Dex -2)
Your body sometimes deteriorates upon taking damage.
You are weak. (Str -2)


Message History

The ice devil is moderately wounded.
You constrict the ice devil, but do no damage.
The ice devil misses you.
You hit the ice devil.
The ice devil is moderately wounded.
You constrict the ice devil, but do no damage.
You barely miss the ice devil. Your squeeze misses the ice devil.
The ice devil is moderately wounded.
You constrict the ice devil. The ice devil completely misses you.
You hit the ice devil but do no damage.
You squeeze the ice devil, but do no damage.
The ice devil is moderately wounded.
You constrict the ice devil, but do no damage.
The ice devil completely misses you.
You hit the ice devil but do no damage.
The ice devil is moderately wounded.
You constrict the ice devil, but do no damage.
You hit the ice devil but do no damage. You squeeze the ice devil.
The ice devil is heavily wounded.
You constrict the ice devil, but do no damage.
You block the ice devil's attack.
You sock the ice devil!
You squeeze the ice devil, but do no damage.
The ice devil is severely wounded.
You constrict the ice devil, but do no damage.
You thump the ice devil!
The ice devil is almost dead.
You constrict the ice devil, but do no damage.
The ice devil misses you.
You hit the ice devil but do no damage.
The ice devil is almost dead.
You constrict the ice devil. The ice devil misses you.
You hit the ice devil.
You kill the ice devil!
Vehumet accepts your kill.
You climb upwards.
There is a stone staircase leading down here.
HP restored.
There is a staircase leading out of the dungeon here.
You have escaped!

#...#.#.#.#.#.#.#.#...[.....
#.##...............####.#...
#.#......#..........#...#..#
#.##.......#.......###..#..#
#.#.....#....#......##..#..# ##
#.##...........#...##......# .##
#.#....#.#.#.#...#..#...##.#
#.####.##...............##...##.#
.......#...#..#.@.#..#...#...##.#
.)#######...............##..>##.#
.## #..#...#.#.#.#....#..#.... .#
##...#...........##....... .#
#......#....#.....#.#.#### .#
##.......#.......##...# .#
#..........#......#.### .#
####...............##.# .#
#...#.#.#.#.#.#.#.#...#


There were no monsters in sight!

Vanquished Creatures
  the Royal Jelly (Slime:5)
  12 dread liches
  12 ancient liches
  2 orbs of fire (Zot:5)
  22 juggernauts
  7 royal mummies
  5 pandemonium lords
  Sojobo (Crypt:1)
  Vv (Depths:2)
  A shard shrike (Zig:4)
  Bai Suzhen (Spider:4)
  2 Killer Klowns (Zot:5)
  Frederick (Vaults:4)
  A caustic shrike (Depths:1)
  13 golden dragons
  6 curse toes
  2 profane servitors
  the Enchantress (Depths:2)
  2 bone dragons
  2 Tzitzimimeh (Zig:24)
  A Hellbinder (WizLab)
  5 Brimstone Fiends
  3 electric golems
  5 hellephants (Zig:15)
  20 tentacled monstrosities
  Jorgrun (Elf:2)
  Rupert (D:15)
  2 walking crystal tomes (Depths:3)
  4 Ice Fiends (Zig:24)
  4 Hell Sentinels (Zig:24)
  5 liches
  3 searing wretches (Zig:15)
  26 Orb Guardians
  2 deep elf blademasters
  A quicksilver dragon (shapeshifter) (Zig:5)
  7 titans
  2 walking frostbound tomes (Depths:3)
  2 deep elf master archers
  A tentacled starspawn (Zig:21)
  24 acid blobs
  15 ancient champions
  10 quicksilver dragons
  14 death cobs
  An Executioner (Zig:24)
  20 storm dragons
  Kirke (Lair:5)
  17 sphinxes
  Agnes (D:15)
  7 tengu reavers
  Roxanne (D:15)
  Donald (Swamp:3)
  10 draconian knights
  15 shadow dragons
  12 draconian monks
  An azure jelly (shapeshifter) (Vaults:1)
  27 nagarajas
  15 rockslimes
  13 azure jellies
  9 revenants
  4 demonspawn warmongers
  2 fenstrider witches (Swamp:3)
  9 fire giants
  11 frost giants
  12 deep elf sorcerers
  15 draconian scorchers
  24 draconian shifters
  27 orc warlords
  20 vault wardens
  Aizul (Spider:2)
  9 ghost moths
  7 emperor scorpions
  3 iron dragons
  4 curse skulls
  12 draconian annihilators
  5 cacodemons
  10 balrugs
  6 ghouls
  5 deep elf elementalists (Elf:3)
  20 very ugly things
  4 demonspawn blood saints
  A juggernaut skeleton (Zig:11)
  6 spriggan defenders
  16 quicksilver oozes
  2 broodmothers
  15 draconian stormcallers
  13 ironbound preservers
  31 stone giants
  5 demonspawn corrupters
  14 green draconians
  A caustic shrike skeleton (Crypt:3)
  4 war gargoyles
  13 vampire knights
  8 ironbound thunderhulks
  8 reapers
  10 deep elf demonologists
  4 demonspawn black suns
  26 black draconians
  4 lorocyprocas
  11 dire elephants
  5 eleionomae
  Azrael (D:12)
  12 deep elf annihilators
  2 bunyips (Swamp:3)
  20 purple draconians
  7 entropy weavers
  An entropy weaver (shapeshifter) (Depths:2)
  19 yellow draconians
  16 red draconians
  20 white draconians
  16 ettins
  11 spark wasps
  A dire elephant (shapeshifter) (Zig:5)
  8 green deaths
  9 eidola
  10 blizzard demons
  18 yaktaur captains
  A merfolk impaler (Depths:2)
  14 jiangshi
  10 mummy priests
  5 merfolk javelineers
  9 deep elf death magi
  A crystal guardian (Zig:21)
  6 deep elf high priests
  A shambling mangrove (Swamp:4)
  2 rakshasas
  2 spriggan zombies
  Josephine (D:12)
  13 fire dragons
  9 great orbs of eyes
  3 hell beasts
  26 vault guards
  7 spriggan air magi
  A quicksilver dragon skeleton (Crypt:3)
  34 salamander tyrants
  23 hydras
  4 ironbound frosthearts
  6 radroaches
  3 spriggan skeletons
  8 ogre magi
  3 boulder beetles
  28 two-headed ogres
  A ghost crab (Swamp:4)
  A stoker (Zig:15)
  A two-headed ogre (shapeshifter) (Zig:9)
  2 anacondas
  14 ice dragons
  9 naga warriors
  2 death yaks (Lair:3)
  4 death knights
  16 dancing weapons
  An anaconda (shapeshifter) (Zig:16)
  18 centaur warriors
  3 merfolk aquamancers (Zig:20)
  5 death scarabs
  An Orb Guardian skeleton (Crypt:3)
  10 vampire magi
  2 thrashing horrors (Zig:21)
  2 deep troll earth magi (Depths:4)
  2 spriggan berserkers
  A bennu skeleton (Crypt:2)
  22 orc high priests
  6 hell hogs
  8 alligators
  3 deep troll shamans (Depths:4)
  9 tengu warriors
  14 hell knights
  4 soul eaters
  A sun demon (WizLab)
  2 storm dragon zombies (Zig:18)
  11 shock serpents
  11 naga sharpshooters
  10 deep elf knights
  3 sixfirhies
  19 skeletal warriors
  7 shadow wraiths
  A titan skeleton (Crypt:2)
  16 iron trolls
  2 salamander mystics
  2 wretched stars (Zig:21)
  2 sun moths
  5 goliath frogs
  7 steelbarb worms
  19 orb spiders
  28 deep trolls
  3 spriggan druids
  2 starcursed masses (Zig:21)
  Lodul (D:10)
  3 glowing orange brains
  7 flayed ghosts
  6 pharaoh ants
  8 bog bodies
  11 swamp dragons
  4 shadow demons
  An orb spider (shapeshifter) (Depths:3)
  9 wizards
  25 ironbound convokers
  6 naga ritualists
  18 orc knights
  14 phantasmal warriors
  18 lindwurms
  16 deep elf archers
  A harpy (Zig:20)
  A tengu zombie (Zig:18)
  A shadow dragon skeleton (Vaults:5)
  6 necromancers
  14 oklob plants (Zig:22)
  18 deep elf zephyrmancers
  A harpy (shapeshifter) (D:15)
  7 cyclopes
  4 will-o-the-wisps
  23 orc sorcerers
  38 ugly things
  6 salamanders
  A fire giant zombie (Vaults:5)
  5 manticores
  31 deep elf pyromancers
  2 mana vipers
  A wolf spider (shapeshifter) (Zig:9)
  21 wolf spiders
  9 shining eyes
  A frost giant zombie (Crypt:2)
  42 moths of wrath
  2 rust devils (WizLab)
  A worldbinder (Zig:21)
  4 smoke demons
  25 vault sentinels
  23 elephants
  A dire elephant zombie (Crypt:1)
  10 naga magi
  A water nymph (shapeshifter) (Vaults:5)
  23 black mambas
  Joseph (D:10)
  4 eyes of devastation
  9 guardian serpents
  A naga skeleton (Crypt:3)
  10 torpor snails
  A cane toad (shapeshifter) (D:14)
  An apocalypse crab (Zig:5)
  An orange demon (Zig:24)
  An alligator snapping turtle zombie (Crypt:1)
  8 demonic crawlers
  10 cane toads
  A dire elephant skeleton (Crypt:3)
  9 spectral spriggans (Swamp:3)
  2 unseen horrors
  4 hellions
  29 yaktaurs
  A purple draconian zombie (Crypt:1)
  A kobold demonologist (D:10)
  An unseen horror zombie (Crypt:2)
  An orb spider zombie (Crypt:3)
  10 komodo dragons
  17 freezing wraiths
  3 tormentors
  An ancient zyme (Zig:21)
  4 rime drakes
  3 efreet
  7 ice devils
  A yellow draconian zombie (Crypt:3)
  2 hellwings (WizLab)
  A death drake zombie (Crypt:1)
  3 tengu conjurers
  A death yak skeleton (Crypt:2)
  33 guardian mummies
  9 trolls
  A burning bush (Lair:4)
  An iron troll skeleton (Crypt:3)
  11 polar bears
  A shadow dragon simulacrum (Zig:11)
  A queen bee (shapeshifter) (Elf:1)
  6 red devils
  2 polar bears (shapeshifter)
  3 meliai (D:14)
  A tarantella (shapeshifter) (Vaults:3)
  6 bloated husks
  23 hornets
  9 tyrant leeches
  A harpy skeleton (Crypt:2)
  A dream sheep (Lair:5)
  A dream sheep (shapeshifter) (Zig:16)
  An ice dragon zombie (Crypt:2)
  22 tarantellas
  108 slime creatures
  3 blink frogs (Lair:3)
  A blink frog (shapeshifter) (Zig:10)
  17 culicivoras
  A fire giant simulacrum (Vaults:5)
  15 flying skulls
  24 spriggans
  An ettin skeleton (Crypt:3)
  A jumping spider (shapeshifter) (Zig:16)
  A vampire (D:12)
  3 wyverns
  3 ynoxinuls
  A black mamba zombie (Crypt:2)
  34 jumping spiders
  56 yaks
  An elf skeleton (Vaults:5)
  3 air elementals
  2 hogs (Lair:5)
  12 ushabtiu
  12 water elementals
  9 wraiths
  7 large abominations
  4 fire elementals
  2 fire bats (Volcano)
  6 neqoxecs
  88 redbacks
  Eustachio (D:5)
  8 golden eyes
  A steam dragon (D:8)
  6 basilisks
  24 vampire mosquitoes
  6 nagas
  4 chaos spawn
  2 glowing shapeshifter zombies
  7 wargs
  A naga zombie (Crypt:2)
  5 acid dragons
  A harpy simulacrum (Crypt:3)
  15 swamp worms
  13 water moccasins
  4 hell hounds (D:12)
  2 floating eyes (Zot:2)
  3 sky beasts
  A floating eye (shapeshifter) (Depths:1)
  A human skeleton (Vaults:5)
  70 orc warriors
  5 swamp drakes (Swamp:4)
  A manticore zombie (Crypt:1)
  An ice beast (D:5)
  4 boggarts (Lair:5)
  4 black bears
  8 small abominations
  7 centaurs
  26 wolves
  59 ogres
  A snapping turtle skeleton (Crypt:2)
  2 phantoms (D:5)
  2 kobold brigands
  4 necrophages
  9 scorpions
  11 bullfrogs
  2 earth elementals (Elf:1)
  4 gnoll sergeants
  A salamander skeleton (Crypt:1)
  3 wights (D:9)
  6 killer bees (D:9)
  5 howler monkeys
  3 electric eels
  2 crimson imps (Zig:25)
  A centaur zombie (Ossuary)
  A hound (D:4)
  A gnoll bouda (D:10)
  17 orc priests
  2 jellies (D:5)
  4 human zombies
  3 iguanas
  5 scorpion zombies
  4 hell rats (Lair:5)
  19 orc wizards
  A boggart skeleton (Crypt:2)
  An acid dragon zombie (Crypt:1)
  32 mummies
  27 gnolls
  11 adders
  A steam dragon skeleton (Crypt:3)
  A white imp (D:7)
  3 ufetubi
  3 adder zombies
  An iguana skeleton (Crypt:2)
  3 worms
  A dart slug (D:2)
  77 orcs
  A bat skeleton (Crypt:2)
  11 endoplasms
  6 giant cockroaches
  2 gnoll zombies (Ossuary)
  14 goblins
  15 hobgoblins
  14 jackals
  13 kobolds
  3 quokkas
  14 ball pythons
  A ball python zombie (D:3)
  6 bats
  3 frilled lizards
  A frilled lizard zombie (Crypt:2)
  4 goblin zombies (Ossuary)
  A hobgoblin skeleton (Crypt:2)
  3 hobgoblin zombies (Ossuary)
  2 kobold zombies (Ossuary)
  An orc skeleton (Crypt:3)
  3 orc zombies (Ossuary)
  5 rats
  A rat skeleton (Crypt:3)
  A spectral goblin (D:1)
  8 bushes
  20 fire vortices
  A plant (Zig:22)
3399 creatures vanquished.

Vanquished Creatures (collateral kills)
  A tentacled monstrosity (Zot:4)
  A storm dragon (Zot:3)
  A draconian knight (Zot:3)
  A cacodemon (Zig:24)
  2 starcursed masses (Zig:21)
6 creatures vanquished.

Vanquished Creatures (others)
  Nikola (Depths:2)
  A spriggan (Swamp:2)
  A bog body (Swamp:3)
  An ironbound convoker (Vaults:5)
  A bloated husk (Swamp:3)
  2 hornets (Swamp:2)
  A jumping spider (Spider:1)
  5 humans (Lair:5)
  A neqoxec (WizLab)
  An orc (Vaults:1)
  87 fire vortices
  4 foxfires
  49 fungi
  74 plants
  6 starspawn tentacles (Zig:21)
  6 withered plants (Spider:1)
241 creatures vanquished.

Grand Total: 3646 creatures vanquished

Notes
Turn   | Place    | Note
-------+----------+-------------------------------------------
     0 | D:1      | TittyCrusher the Octopode Earth Elementalist began the
                  | quest for the Orb.
     0 | D:1      | Reached XP level 1. HP: 11/11 MP: 3/3
   235 | D:1      | Reached XP level 2. HP: 10/17 MP: 1/5
   573 | D:1      | Reached skill level 3 in Spellcasting
   615 | D:1      | Found a faded altar of an unknown god.
   870 | D:1      | Reached XP level 3. HP: 21/21 MP: 5/7
   939 | D:1      | Learned a level 3 spell: Stone Arrow
  1087 | D:1      | Reached skill level 1 in Conjurations
  1718 | D:2      | Reached XP level 4. HP: 27/27 MP: 6/9
  2303 | D:3      | Found Emargh's Book Emporium.
  2465 | D:3      | Reached XP level 5. HP: 31/31 MP: 5/10
  2809 | D:3      | Found a basalt altar of Yredelemnul.
  3048 | D:3      | Found the +1 Delatra's gloves {ID++}
  3219 | D:3      | Reached XP level 6. HP: 36/36 MP: 11/11
  3219 | D:3      | Gained mutation: You passively map a small area around you.
                  | [potion of mutation]
  3219 | D:3      | Gained mutation: Your flesh is cold resistant. (rC+)
                  | [potion of mutation]
  3518 | D:3      | Found a sparkling altar of Nemelex Xobeh.
  3711 | D:4      | Noticed a black bear
  3713 | D:4      | Killed a black bear
  3714 | D:4      | Reached skill level 5 in Earth Magic
  4146 | D:4      | Found a bloodstained altar of Trog.
  4520 | D:5      | Entered Level 5 of the Dungeon
  4716 | D:5      | Reached XP level 7. HP: 41/41 MP: 5/12
  5032 | D:5      | Reached skill level 5 in Conjurations
  5238 | D:5      | Reached XP level 8. HP: 46/46 MP: 0/13
  5367 | D:5      | Reached skill level 4 in Spellcasting
  5618 | D:5      | Found an opulent altar of Gozag.
  5618 | D:5      | Found an ancient bone altar of Kikubaaqudgha.
  5618 | D:5      | Found a snail-covered altar of Cheibriados.
  5720 | D:5      | Noticed Eustachio
  5998 | D:5      | Killed Eustachio
  5999 | D:5      | Reached skill level 5 in Spellcasting
  6405 | D:6      | Reached skill level 6 in Spellcasting
  6599 | D:6      | Found a staircase to the Ecumenical Temple.
  6608 | Temple   | Entered the Ecumenical Temple
  6608 | Temple   | Found a transporter.
  6608 | Temple   | Found a transporter.
  6610 | Temple   | Found a transporter.
  6610 | Temple   | Found a transporter.
  6639 | Temple   | Became a worshipper of Vehumet
  6904 | D:6      | Reached skill level 7 in Spellcasting
  6904 | D:6      | Reached XP level 9. HP: 45/51 MP: 6/19
  7107 | D:6      | Identified the +1 ring mail of Nihy {rN+}
  7223 | D:6      | Found an iron altar of Okawaru.
  7355 | D:7      | Found the +2 ratskin cloak {*Rats rPois rN+ Str-1 Int-1
                  | Dex+1}
  7390 | D:7      | Identified the +7 rapier of Termination {pain, Str+4}
  7591 | D:7      | Reached skill level 8 in Spellcasting
  7827 | D:7      | You fall into a shaft and drop 1 floor!
  7852 | D:8      | Found Fueful Soma's Weapon Shop.
  7906 | D:8      | Noticed a two-headed ogre
  7936 | D:8      | Noticed a hornet
  7950 | D:8      | Killed a two-headed ogre
  7951 | D:8      | Reached skill level 9 in Spellcasting
  8029 | D:8      | Found a sand-covered staircase.
  8036 | D:8      | Reached skill level 10 in Spellcasting
  8073 | Ossuary  | Entered an ossuary
  8279 | Ossuary  | Reached * piety under Vehumet
  8279 | Ossuary  | Offered knowledge of Shock by Vehumet.
  8663 | Ossuary  | Reached XP level 10. HP: 37/56 MP: 19/24
  9601 | D:8      | Found a sacrificial altar of Ru.
  9683 | D:8      | Reached ** piety under Vehumet
  9683 | D:8      | Offered knowledge of Poisonous Vapours by Vehumet.
 10073 | D:8      | Reached skill level 1 in Shields
 10227 | D:9      | Learned a level 7 spell: Ozocubu's Refrigeration
 10430 | D:9      | Noticed a cyclops
 10473 | D:9      | Killed a cyclops
 10684 | D:9      | Found a staircase to the Orcish Mines.
 10686 | D:9      | Offered knowledge of Dazzling Flash by Vehumet.
 10852 | D:9      | Found a hazy altar of Hepliaklqana.
 10894 | D:9      | Learned a level 5 spell: Freezing Cloud
 10914 | D:9      | Reached skill level 1 in Air Magic
 11154 | D:9      | Reached XP level 11. HP: 61/61 MP: 10/25
 11267 | D:9      | Reached *** piety under Vehumet
 11411 | D:10     | Entered Level 10 of the Dungeon
 11426 | D:10     | Noticed Joseph
 11433 | D:10     | Killed Joseph
 11533 | D:10     | Found a flagged portal.
 11564 | D:10     | Noticed a two-headed ogre
 11582 | D:10     | Killed a two-headed ogre
 11612 | Bailey   | Entered a bailey
 11636 | Bailey   | Noticed an orc knight
 11650 | Bailey   | Killed an orc knight
 11650 | Bailey   | Offered knowledge of Airstrike by Vehumet.
 11696 | Bailey   | Learned a level 3 spell: Ozocubu's Armour
 11896 | Bailey   | Noticed an orc knight
 11909 | Bailey   | Killed an orc knight
 12016 | Bailey   | Reached **** piety under Vehumet
 12027 | Bailey   | Noticed an orc knight
 12044 | Bailey   | Killed an orc knight
 12156 | Bailey   | Offered knowledge of Frozen Ramparts by Vehumet.
 12162 | Bailey   | Learned a level 3 spell: Frozen Ramparts
 12186 | Bailey   | Noticed an orc warlord
 12196 | Bailey   | Killed an orc warlord
 12197 | Bailey   | Reached skill level 10 in Ice Magic
 12272 | Bailey   | Reached skill level 12 in Spellcasting
 12272 | Bailey   | Reached XP level 12. HP: 66/66 MP: 18/28
 12443 | D:10     | Reached skill level 13 in Spellcasting
 12582 | D:10     | Noticed Lodul
 12596 | D:10     | Killed Lodul
 13205 | D:10     | Identified the +1 quarterstaff "Suqudozo" {freeze, Str+3}
 13270 | D:10     | Reached skill level 1 in Fighting
 13270 | D:10     | Reached ***** piety under Vehumet
 13272 | D:10     | Reached XP level 13. HP: 75/75 MP: 30/30
 13277 | D:10     | Offered knowledge of Iron Shot by Vehumet.
 13290 | D:10     | Learned a level 6 spell: Iron Shot
 13437 | D:10     | Identified the +8 plate armour of Zugreubuhi {+Inv}
 14089 | D:10     | Identified the ring "Qougee" {*Slow rPois rN++ rCorr
                  | Slay+2}
 14679 | D:11     | Found a staircase to the Lair.
 15110 | D:11     | Reached skill level 14 in Spellcasting
 15715 | Lair:1   | Entered Level 1 of the Lair of Beasts
 16365 | Lair:1   | Offered knowledge of Flame Wave by Vehumet.
 17961 | Lair:2   | Reached skill level 5 in Dodging
 18387 | Lair:3   | Reached XP level 14. HP: 48/83 MP: 13/32
 18950 | Lair:3   | HP: 4/83 [jumping spider (7)]
 19335 | Lair:3   | Found a hole to the Spider Nest.
 19963 | Lair:3   | Found a staircase to the Swamp.
 20773 | Lair:4   | Found a viscous altar of Jiyva.
 20773 | Lair:4   | Found a staircase to the Slime Pits.
 20953 | Lair:4   | Reached skill level 10 in Dodging
 21358 | Lair:5   | Entered Level 5 of the Lair of Beasts
 21448 | Lair:5   | Offered knowledge of Lee's Rapid Deconstruction by Vehumet.
 21678 | Lair:5   | Reached skill level 5 in Fighting
 21738 | Lair:5   | Noticed Kirke
 21742 | Lair:5   | Noticed a sphinx
 21742 | Lair:5   | Killed Kirke
 21767 | Lair:5   | Found a dark tunnel.
 21912 | Volcano  | Entered a volcano
 21936 | Volcano  | Reached skill level 5 in Shields
 22555 | Volcano  | Identified the +2 helmet of Foolhardiness {*Slow rElec rN+
                  | Str+2}
 22608 | Lair:5   | Reached skill level 15 in Spellcasting
 22766 | Lair:5   | Reached skill level 10 in Conjurations
 22766 | Lair:5   | Reached XP level 15. HP: 92/92 MP: 20/34
 22781 | Lair:5   | Offered knowledge of Conjure Ball Lightning by Vehumet.
 23483 | Lair:5   | Identified the ring of the Moon {rPois rCorr Str+3}
 23993 | D:12     | Noticed Josephine
 23999 | D:12     | Killed Josephine
 24170 | D:12     | Noticed Azrael
 24175 | D:12     | Killed Azrael
 25173 | Orc:1    | Entered Level 1 of the Orcish Mines
 25373 | Orc:1    | Reached ****** piety under Vehumet
 25717 | Orc:2    | Entered Level 2 of the Orcish Mines
 25717 | Orc:2    | Found a staircase to the Elven Halls.
 26257 | Orc:2    | Found Xodwi's General Store.
 26257 | Orc:2    | Found Muheopp's Armour Shoppe.
 26268 | Orc:2    | Found Isace's Assorted Antiques.
 26268 | Orc:2    | Found Megisus's Antique Weapon Shop.
 26270 | Orc:2    | Offered knowledge of Eringya's Noxious Bog by Vehumet.
 26274 | Orc:2    | Reached skill level 15 in Conjurations
 26274 | Orc:2    | Reached XP level 16. HP: 73/98 MP: 28/35
 26327 | Orc:2    | Bought a potion of ambrosia for 296 gold pieces
 26327 | Orc:2    | Bought a tiny silver amulet for 185 gold pieces
 26677 | D:13     | Found a gate leading to a gauntlet.
 28555 | D:14     | Found a gate to the Vaults.
 28623 | D:15     | Entered Level 15 of the Dungeon
 28793 | D:15     | Found a staircase to the Depths.
 28808 | D:15     | Noticed Rupert
 28814 | D:15     | Killed Rupert
 28814 | D:15     | Offered knowledge of Starburst by Vehumet.
 28828 | D:14     | Learned a level 6 spell: Starburst
 28975 | D:15     | Noticed Roxanne
 28990 | D:15     | Reached skill level 1 in Fire Magic
 29069 | D:15     | Found Zin's Purification Station.
 29069 | D:15     | Found a glowing silver altar of Zin.
 29077 | D:15     | Found a shadowy altar of Dithmenos.
 29078 | D:15     | Bought a potion of curing for 90 gold pieces
 29147 | D:15     | Noticed Agnes
 29153 | D:15     | Killed Agnes
 29368 | D:15     | Reached skill level 5 in Fire Magic
 29574 | D:15     | Learned a level 2 spell: Blink
 29631 | D:15     | Reached skill level 1 in Translocations
 29756 | D:15     | Killed Roxanne
 29908 | D:15     | Learned a level 6 spell: Statue Form
 30040 | Swamp:1  | Entered Level 1 of the Swamp
 30458 | Swamp:1  | Identified a scroll of acquirement
 30473 | Swamp:1  | Acquired the ring "Haupp" {Fire Will+ Dex+2}
 30735 | Swamp:1  | Reached skill level 5 in Transmutations
 30735 | Swamp:1  | Reached XP level 17. HP: 103/103 MP: 29/36
 31547 | Swamp:2  | Identified the +0 buckler of the Gate {rC+ Dex+4}
 31979 | Swamp:3  | Noticed Donald
 31982 | Swamp:3  | Killed Donald
 32422 | Swamp:3  | Found the ring of Shadows {Umbra +Inv Stlth+}
 32590 | Swamp:3  | Offered knowledge of Ignition by Vehumet.
 34483 | Swamp:4  | Entered Level 4 of the Swamp
 34971 | Swamp:4  | Offered knowledge of Lehudib's Crystal Spear by Vehumet.
 34971 | Swamp:4  | Offered knowledge of Shatter by Vehumet.
 34971 | Swamp:4  | Offered knowledge of Polar Vortex by Vehumet.
 35556 | Swamp:4  | Reached XP level 18. HP: 108/108 MP: 27/37
 35844 | Swamp:4  | Got a decaying rune of Zot
 36024 | Spider:1 | Entered Level 1 of the Spider Nest
 37674 | Spider:1 | Found a runed translucent gate.
 37674 | Spider:1 | Found a runed translucent gate.
 37674 | Spider:1 | Found a runed translucent gate.
 37675 | Spider:1 | Noticed TittyCrusher's ghost (journeyman DsGl)
 37676 | Spider:1 | Noticed bronco's ghost (adept HuAE)
 39000 | Spider:2 | Reached skill level 10 in Earth Magic
 39060 | Spider:2 | Noticed Aizul
 39069 | Spider:2 | Killed Aizul
 40929 | Spider:3 | Learned a level 9 spell: Shatter
 40932 | Spider:4 | Entered Level 4 of the Spider Nest
 41087 | Spider:4 | Reached XP level 19. HP: 117/117 MP: 9/38
 41224 | Spider:4 | Noticed Bai Suzhen
 41245 | Spider:4 | Killed Bai Suzhen
 42908 | Spider:4 | Got a gossamer rune of Zot
 43266 | Elf:1    | Entered Level 1 of the Elven Halls
 43796 | Elf:1    | Got the Quarto of Allied Combat Magic
 44382 | Elf:2    | Reached skill level 15 in Earth Magic
 44460 | Elf:2    | Found a runed translucent gate.
 44460 | Elf:2    | Found a runed translucent gate.
 44462 | Elf:2    | Found a runed translucent gate.
 44532 | Elf:2    | Noticed Jorgrun
 44681 | Elf:2    | Identified the +3 dagger of Reakirearu {drain, rPois rF+}
 44682 | Elf:2    | Killed Jorgrun
 44839 | Elf:2    | Paralysed by an air elemental for 1 turns
 45265 | Elf:3    | Entered Level 3 of the Elven Halls
 45495 | Elf:3    | Reached XP level 20. HP: 123/123 MP: 21/39
 46064 | Elf:3    | Identified the +0 scale mail of Somewhere Else {+Blink
                  | Will+ Int-2}
 46348 | Elf:3    | Identified the ring of Janex {Fly rF+ Will+ MP-9}
 46539 | Elf:3    | Identified the amulet of Ycoij {Reflect Harm Dex+4 SH+5
                  | Stlth+}
 46543 | Elf:3    | Identified the +4 short sword "Etootoez" {elec, Int+6}
 46543 | Elf:3    | Identified the +7 short sword of Inconvenience {vorpal, rN+
                  | SInv}
 46950 | Elf:3    | Found the +8 whip "Snakebite" {venom, curare, rPois}
 47265 | Orc:2    | Bought a +6 ring of intelligence for 612 gold pieces
 47471 | Vaults:1 | Entered Level 1 of the Vaults
 47594 | Vaults:1 | Reached skill level 16 in Spellcasting
 47618 | D:14     | Learned a level 9 spell: Polar Vortex
 48120 | Vaults:1 | Found Onax's Assorted Antiques.
 48128 | Vaults:1 | Bought a potion of heal wounds for 150 gold pieces
 48128 | Vaults:1 | Bought a potion of heal wounds for 150 gold pieces
 48128 | Vaults:1 | Bought a potion of curing for 90 gold pieces
 48128 | Vaults:1 | Bought a scroll of teleportation for 90 gold pieces
 48128 | Vaults:1 | Bought a condenser vane for 1200 gold pieces
 48150 | Vaults:1 | Reached skill level 1 in Evocations
 48878 | Vaults:2 | Reached XP level 21. HP: 128/128 MP: 17/41
 49049 | Vaults:2 | Reached skill level 5 in Evocations
 50220 | Vaults:2 | Found a staircase to the Crypt.
 51122 | Vaults:3 | Found Dair's Antique Armour Shop.
 51296 | Vaults:3 | Reached skill level 15 in Ice Magic
 51645 | Vaults:3 | Found Otaiqu Seaph's Jewellery Boutique.
 51666 | Vaults:3 | Found Kour's Distillery.
 51845 | Vaults:3 | Bought 2 potions of heal wounds for 140 gold pieces
 51845 | Vaults:3 | Bought a potion of heal wounds for 70 gold pieces
 51845 | Vaults:3 | Bought a potion of magic for 112 gold pieces
 51845 | Vaults:3 | Bought a potion of invisibility for 112 gold pieces
 51897 | Vaults:3 | Reached XP level 22. HP: 134/134 MP: 24/42
 52896 | Vaults:4 | Noticed Frederick
 52902 | Vaults:4 | Killed Frederick
 54135 | Crypt:1  | Entered Level 1 of the Crypt
 54167 | Crypt:1  | Noticed Sojobo
 54178 | Crypt:1  | Killed Sojobo
 54521 | Crypt:1  | Reached skill level 1 in Staves
 54652 | Crypt:1  | You fall into a shaft and drop 1 floor!
 55006 | Crypt:2  | Reached skill level 5 in Staves
 55128 | Crypt:1  | Identified the +7 chain mail of the Gardener {*Slow rF+
                  | Regen+}
 55491 | Crypt:1  | Identified the +8 broad axe of the Dungeon {flame, rPois}
 56061 | Crypt:3  | Entered Level 3 of the Crypt
 56074 | Crypt:2  | Found a basalt altar of Yredelemnul.
 56104 | Crypt:3  | Reached XP level 23. HP: 139/139 MP: 38/43
 56143 | Crypt:3  | Reached skill level 10 in Staves
 56150 | Crypt:3  | Noticed a curse toe
 56198 | Crypt:3  | Killed a curse toe
 56556 | Crypt:3  | Found an ancient bone altar of Kikubaaqudgha.
 56561 | Crypt:3  | Found a basalt altar of Yredelemnul.
 56772 | Crypt:3  | Found a staircase to the Tomb.
 57147 | Vaults:5 | Entered Level 5 of the Vaults
 57235 | Vaults:5 | Reached XP level 24. HP: 144/144 MP: 43/43
 57326 | Vaults:5 | Noticed a dread lich
 57331 | Vaults:5 | Killed a dread lich
 57759 | Vaults:5 | Learned a level 8 spell: Ignition
 57767 | Vaults:5 | Identified the +6 dagger "Sudefil" {drain, Dex+3}
 57829 | Vaults:5 | Identified the +1 cloak of Unasch {Str+5}
 57830 | Vaults:5 | Identified the ring "Pivvit" {rF+ rN+ Str-3 Int+6 Dex+2}
 58078 | Vaults:5 | Got a silver rune of Zot
 58672 | Vaults:3 | Bought a potion of curing for 42 gold pieces
 58672 | Vaults:3 | Bought a potion of haste for 140 gold pieces
 58672 | Vaults:3 | Bought a potion of haste for 140 gold pieces
 58672 | Vaults:3 | Bought a potion of curing for 42 gold pieces
 58672 | Vaults:3 | Bought a potion of curing for 42 gold pieces
 58679 | Vaults:3 | Bought a ring of resist corrosion for 220 gold pieces
 58883 | Slime:1  | Entered Level 1 of the Pits of Slime
 58897 | Slime:1  | Reached skill level 10 in Fire Magic
 59068 | Slime:3  | Gained mutation: You occasionally lose the ability to drink
                  | potions when taking damage. [a shining eye]
 59210 | Slime:5  | Entered Level 5 of the Pits of Slime
 59321 | Slime:5  | Noticed the Royal Jelly
 59323 | Slime:5  | Reached XP level 25. HP: 150/150 MP: 35/43
 59329 | Slime:5  | Killed the Royal Jelly
 59330 | Slime:5  | Reached skill level 15 in Fire Magic
 59403 | Slime:5  | Lost mutation: You passively map a small area around you.
                  | [a shining eye]
 59446 | Slime:5  | Found the +5 demon whip "Spellbinder" {antimagic, Will+}
 59481 | Slime:5  | Identified the +2 long sword of Diet Blood {pain, rPois}
 59485 | Slime:5  | Got a slimy rune of Zot
 59555 | Slime:5  | Identified the +6 battleaxe "Goblinbane" {flame, *Rage rF+
                  | rN+ rCorr}
 59604 | Lair:4   | Lost mutation: You occasionally lose the ability to drink
                  | potions when taking damage. [potion of mutation]
 59604 | Lair:4   | Lost mutation: Your flesh is cold resistant. (rC+) [potion
                  | of mutation]
 59604 | Lair:4   | Gained mutation: Your spells are a little harder to cast,
                  | but a little more powerful. [potion of mutation]
 59604 | Lair:4   | Gained mutation: You are frail. (-10% HP) [potion of
                  | mutation]
 59604 | Lair:4   | Gained mutation: You occasionally lose the ability to drink
                  | potions when taking damage. [potion of mutation]
 59604 | Lair:4   | Lost mutation: You are frail. (-10% HP) [potion of
                  | mutation]
 59605 | Lair:4   | Lost mutation: Your spells are a little harder to cast, but
                  | a little more powerful. [potion of mutation]
 59605 | Lair:4   | Lost mutation: You occasionally lose the ability to drink
                  | potions when taking damage. [potion of mutation]
 59605 | Lair:4   | Gained mutation: You possess an exceptional clarity of
                  | mind. [potion of mutation]
 59759 | Depths:1 | Entered Level 1 of the Depths
 60255 | Depths:1 | Found a one-way gate leading to the halls of Pandemonium.
 60441 | Depths:1 | Found a gateway to Hell.
 60629 | Depths:1 | Found a blossoming altar of Fedhas.
 60827 | Depths:2 | Noticed Nikola
 60827 | Depths:2 | Noticed Vv
 60831 | Depths:2 | Killed Vv
 60832 | Depths:2 | Killed Nikola
 60835 | Depths:2 | Reached skill level 10 in Shields
 60838 | Depths:2 | Noticed the Enchantress
 60840 | Depths:2 | Killed the Enchantress
 60846 | Depths:2 | Found a magical portal.
 60867 | WizLab   | Entered The Hall of the Hellbinder
 61175 | WizLab   | Found a burning altar of Makhleb.
 61177 | WizLab   | Found the +2 cloak of the Thief {*Fog Slay-2 SInv Stlth+}
 61183 | WizLab   | Got Dispater's Atlas of the Commander
 62674 | Depths:3 | Found a one-way gate to the infinite horrors of the Abyss.
 62773 | Depths:3 | Noticed a juggernaut
 62777 | Depths:3 | Reached XP level 26. HP: 163/163 MP: 15/43
 62777 | Depths:3 | Killed a juggernaut
 62783 | Depths:3 | Noticed a juggernaut
 62785 | Depths:3 | Noticed a juggernaut
 62787 | Depths:3 | Killed a juggernaut
 62787 | Depths:3 | Killed a juggernaut
 63306 | Depths:4 | Entered Level 4 of the Depths
 63346 | Depths:4 | Found a one-way gateway to a ziggurat.
 63416 | Zig:1    | Entered Level 1 of a ziggurat
 63416 | Zig:1    | Noticed Guugeico the pandemonium lord
 63419 | Zig:1    | Killed Guugeico the pandemonium lord
 63549 | Zig:2    | Entered Level 2 of a ziggurat
 63552 | Zig:2    | Reached skill level 10 in Fighting
 63589 | Zig:2    | Identified the +9 sling "Juicwiob" {venom, Fly}
 63595 | Zig:3    | Entered Level 3 of a ziggurat
 63595 | Zig:3    | Noticed Epeawnui the pandemonium lord
 63601 | Zig:3    | Killed Epeawnui the pandemonium lord
 63717 | Zig:3    | Identified the ring of Mur Zaz {Fire rElec rN+ Stlth-}
 63733 | Zig:4    | Entered Level 4 of a ziggurat
 63733 | Zig:4    | Noticed a shard shrike
 63733 | Zig:4    | Found the +5 sword of Power {vorpal}
 63736 | Zig:4    | Killed a shard shrike
 63746 | Zig:4    | Identified the +3 mace "Killer Klown's Curse" {vorpal, rC++
                  | Will+ Str+2 Int-4}
 63824 | Zig:5    | Entered Level 5 of a ziggurat
 63997 | Zig:6    | Entered Level 6 of a ziggurat
 64029 | Zig:7    | Entered Level 7 of a ziggurat
 64033 | Zig:7    | Noticed a dread lich
 64034 | Zig:7    | Noticed an ancient lich
 64039 | Zig:7    | Killed a dread lich
 64039 | Zig:7    | Killed an ancient lich
 64045 | Zig:7    | Got Ahuid's Meditations on the Harmful Quarry
 64084 | Zig:8    | Entered Level 8 of a ziggurat
 64102 | Zig:8    | Identified the +1 scale mail "Temadohif" {rF+}
 64114 | Zig:9    | Entered Level 9 of a ziggurat
 64120 | Zig:9    | Noticed an ancient lich
 64121 | Zig:9    | Noticed an ancient lich
 64121 | Zig:9    | Noticed a dread lich
 64123 | Zig:9    | Killed an ancient lich
 64127 | Zig:9    | Killed an ancient lich
 64127 | Zig:9    | Killed a dread lich
 64363 | Zig:9    | Identified the +6 double sword "Blob" {venom, rF+ SInv}
 64376 | Zig:9    | Identified the +6 chain mail "Moysh" {*Slow Will+ Dex+8}
 64383 | Zig:10   | Entered Level 10 of a ziggurat
 64408 | Zig:10   | Identified the +5 glaive of the Purse {antimagic, rCorr
                  | Dex+3}
 64411 | Zig:10   | Reached XP level 27. HP: 185/185 MP: 43/43
 64415 | Zig:11   | Entered Level 11 of a ziggurat
 64423 | Zig:11   | Noticed a royal mummy
 64425 | Zig:11   | Noticed a royal mummy
 64426 | Zig:11   | Killed a royal mummy
 64428 | Zig:11   | Killed a royal mummy
 64469 | Zig:11   | Acquired 1114 gold pieces
 64569 | Zig:12   | Entered Level 12 of a ziggurat
 64577 | Zig:12   | Noticed a juggernaut
 64579 | Zig:12   | Killed a juggernaut
 64583 | Zig:12   | Found the +7 sceptre of Torment {pain, torment}
 64586 | Zig:12   | Found the +7 great mace "Firestarter" {inner flame, rF++}
 64609 | Zig:12   | Identified the +1 leather armour of Echod {rF+}
 64612 | Zig:12   | Identified the +1 chain mail of the Gastropod {SInv}
 64618 | Zig:13   | Entered Level 13 of a ziggurat
 64653 | Zig:13   | Identified the amulet "Qukhluaxyu" {Fragile Regen+ Str+4
                  | Int+4 Slay+3}
 64679 | Zig:13   | Got the Atlas of Bloody Flames
 64692 | Zig:13   | Learned a level 9 spell: Fire Storm
 64715 | Zig:13   | Identified the +3 arbalest of Zin's Hope {elec, rElec
                  | Dex+2}
 64746 | Zig:14   | Entered Level 14 of a ziggurat
 64759 | Zig:14   | Gained mutation: Your body sometimes deteriorates upon
                  | taking damage. [a shining eye]
 64772 | Zig:14   | Identified the +10 dire flail of Reimiusi {vorpal, *Corrode
                  | Will+ Str+3}
 64775 | Zig:14   | Identified the ring of Atsim {*Slow rC+ rCorr Dex+6}
 64794 | Zig:15   | Entered Level 15 of a ziggurat
 64824 | Zig:15   | Identified the +7 rapier "Vaghaal" {drain, rElec}
 64829 | Zig:15   | Identified the +1 buckler of Loawneosh {rF++ rN+++ Int+4
                  | Slay-4}
 64850 | Zig:15   | Lost mutation: Your body sometimes deteriorates upon taking
                  | damage. [potion of mutation]
 64850 | Zig:15   | Lost mutation: You possess an exceptional clarity of mind.
                  | [potion of mutation]
 64850 | Zig:15   | Gained mutation: You have a pair of small antennae on your
                  | head. [potion of mutation]
 64999 | Zig:16   | Entered Level 16 of a ziggurat
 65012 | Zig:16   | Noticed a dread lich
 65012 | Zig:16   | Noticed a dread lich
 65013 | Zig:16   | Noticed an ancient lich
 65015 | Zig:16   | Noticed an ancient lich
 65015 | Zig:16   | Killed a dread lich
 65016 | Zig:16   | Killed an ancient lich
 65016 | Zig:16   | Killed a dread lich
 65024 | Zig:16   | Killed an ancient lich
 65045 | Zig:16   | Identified the ring "Sycletizu" {rF- rN+ Str+7 Int+2
                  | Slay+4}
 65055 | Zig:16   | Identified the amulet "Huhep" {Acrobat rElec rF+ rC++}
 65090 | Zig:17   | Entered Level 17 of a ziggurat
 65226 | Zig:17   | Identified the +12 scimitar "Ycwaf" {drain, rElec Str-4
                  | Int+4 Stlth+}
 65228 | Zig:17   | Identified the +6 lajatang of Dissent {spect, *Rage rN+
                  | Will+++ Int+2}
 65238 | Zig:18   | Entered Level 18 of a ziggurat
 65252 | Zig:18   | Noticed a royal mummy
 65254 | Zig:18   | Killed a royal mummy
 65256 | Zig:18   | Noticed a royal mummy
 65260 | Zig:18   | Killed a royal mummy
 65260 | Zig:18   | Noticed a royal mummy
 65262 | Zig:18   | Killed a royal mummy
 65263 | Zig:18   | Noticed a royal mummy
 65269 | Zig:18   | Killed a royal mummy
 65270 | Zig:18   | Noticed a royal mummy
 65275 | Zig:18   | Killed a royal mummy
 65619 | Zig:18   | Identified the ring "Jinliz" {rF+ rN+ Stlth+}
 65629 | Zig:19   | Entered Level 19 of a ziggurat
 65646 | Zig:19   | Noticed an ancient lich
 65647 | Zig:19   | Noticed a dread lich
 65647 | Zig:19   | Killed an ancient lich
 65647 | Zig:19   | Noticed a dread lich
 65648 | Zig:19   | Killed a dread lich
 65648 | Zig:19   | Paralysed by a dread lich for 2 turns
 65650 | Zig:19   | Noticed an ancient lich
 65650 | Zig:19   | Killed a dread lich
 65652 | Zig:19   | Killed an ancient lich
 65667 | Zig:19   | Identified the +9 rapier "Vuotyunn" {spect, rElec rN+}
 65668 | Zig:19   | Identified the ring "Veat" {rPois rF+ rC- SInv}
 65671 | Zig:19   | Identified the +6 broad axe of the Enemy {venom, rF+ Int+2
                  | Stlth+}
 65674 | Zig:19   | Identified the ring of Bum Wuptyx {rPois rC+ Will- MP+9
                  | Dex+3}
 65789 | Zig:20   | Entered Level 20 of a ziggurat
 65811 | Zig:20   | Found the amulet of the Four Winds {rN+ Will+++ Clar}
 65877 | Zig:20   | Identified the +5 whip of Pok Ceu {antimagic, rN+}
 65880 | Zig:20   | Identified the +7 spear "Piugh" {freeze, rElec rF+++
                  | Stlth-}
 65891 | Zig:20   | Identified the +2 pair of gloves "Pyjoujos" {Str+3}
 65912 | Zig:21   | Entered Level 21 of a ziggurat
 65941 | Zig:21   | Identified the ring of Umiluiw {rC+ Dex+5}
 65947 | Zig:22   | Entered Level 22 of a ziggurat
 66081 | Zig:22   | Found the +3 robe of Clouds {*Thunder rCloud rElec}
 66134 | Zig:22   | Identified the +9 lajatang "Nairehoe" {vorpal, Dex+4}
 66144 | Zig:22   | Identified the +6 battleaxe "Jeneoleu" {vamp, Stlth+}
 66164 | Zig:22   | Identified the +9 spear of Woe {spect, rCorr MP+9 Int-3}
 66169 | Zig:22   | Identified the +9 falchion of the Realm of Zot {antimagic,
                  | Will+}
 66173 | Zig:22   | Identified the +3 dire flail of Ykougedu {speed, rPois
                  | Str+2 Dex-5}
 66184 | Zig:23   | Entered Level 23 of a ziggurat
 66203 | Zig:23   | Reached skill level 10 in Evocations
 66301 | Zig:23   | Lost mutation: You have a pair of small antennae on your
                  | head. [potion of mutation]
 66301 | Zig:23   | Gained mutation: Your muscles are strong. (Str +4, Int/Dex
                  | -1) [potion of mutation]
 66302 | Zig:23   | Lost mutation: Your muscles are strong. (Str +4, Int/Dex
                  | -1) [potion of mutation]
 66302 | Zig:23   | Gained mutation: You passively map a small area around you.
                  | [potion of mutation]
 66302 | Zig:23   | Gained mutation: You are agile. (Dex +4, Str/Int -1)
                  | [potion of mutation]
 66303 | Zig:23   | Lost mutation: You are agile. (Dex +4, Str/Int -1) [potion
                  | of mutation]
 66303 | Zig:23   | Lost mutation: You passively map a small area around you.
                  | [potion of mutation]
 66303 | Zig:23   | Gained mutation: Your mind is acute. (Int +4, Str/Dex -1)
                  | [potion of mutation]
 66307 | Zig:24   | Entered Level 24 of a ziggurat
 66323 | Zig:24   | Noticed Fukan the pandemonium lord
 66324 | Zig:24   | Killed Fukan the pandemonium lord
 66332 | Zig:24   | Reached skill level 15 in Evocations
 66362 | Zig:24   | Identified the +5 hand axe "Irphe" {spect, rElec Dex+4}
 66383 | Zig:24   | Identified the ring of the Griffon {rElec rN+ rCorr Dex-5
                  | SInv}
 66386 | Zig:24   | Acquired 667 gold pieces
 66396 | Zig:24   | Identified the +7 spear "Murmur" {pain, rElec}
 66488 | Zig:25   | Entered Level 25 of a ziggurat
 66499 | Zig:25   | Noticed a juggernaut
 66501 | Zig:25   | Noticed a juggernaut
 66501 | Zig:25   | Noticed a juggernaut
 66502 | Zig:25   | Killed a juggernaut
 66503 | Zig:25   | Killed a juggernaut
 66503 | Zig:25   | Noticed a juggernaut
 66503 | Zig:25   | Noticed a juggernaut
 66504 | Zig:25   | Killed a juggernaut
 66504 | Zig:25   | Noticed a juggernaut
 66506 | Zig:25   | Killed a juggernaut
 66506 | Zig:25   | Killed a juggernaut
 66507 | Zig:25   | Reached skill level 17 in Spellcasting
 66507 | Zig:25   | Killed a juggernaut
 66515 | Zig:25   | Noticed a juggernaut
 66516 | Zig:25   | Reached skill level 18 in Spellcasting
 66519 | Zig:25   | Killed a juggernaut
 66606 | Zig:25   | Acquired the +0 mask of the Dragon {Will+ Slay+3 SInv}
 66606 | Zig:25   | Found the +0 mask of the Dragon {Will+ Slay+3 SInv}
 66620 | Zig:25   | Acquired the ring "Idiak" {Will+ Str+6}
 66634 | Zig:26   | Entered Level 26 of a ziggurat
 66649 | Zig:26   | Noticed a juggernaut
 66649 | Zig:26   | Noticed a juggernaut
 66650 | Zig:26   | Noticed a juggernaut
 66650 | Zig:26   | Noticed a juggernaut
 66651 | Zig:26   | Noticed a juggernaut
 66651 | Zig:26   | Noticed a juggernaut
 66651 | Zig:26   | Noticed a juggernaut
 66652 | Zig:26   | Killed a juggernaut
 66653 | Zig:26   | Reached skill level 19 in Spellcasting
 66653 | Zig:26   | Killed a juggernaut
 66653 | Zig:26   | Killed a juggernaut
 66653 | Zig:26   | Killed a juggernaut
 66653 | Zig:26   | Killed a juggernaut
 66653 | Zig:26   | Killed a juggernaut
 66653 | Zig:26   | Killed a juggernaut
 66653 | Zig:26   | Noticed a juggernaut
 66654 | Zig:26   | Noticed a juggernaut
 66657 | Zig:26   | Killed a juggernaut
 66657 | Zig:26   | Noticed a juggernaut
 66657 | Zig:26   | Killed a juggernaut
 66661 | Zig:26   | Killed a juggernaut
 66662 | Zig:26   | Noticed a juggernaut
 66665 | Zig:26   | Killed a juggernaut
 66687 | Zig:26   | Learned a level 8 spell: Maxwell's Capacitive Coupling
 66729 | Zig:26   | Identified the +12 morningstar "Foum" {venom, rElec rC+
                  | rCorr}
 66739 | Zig:27   | Entered Level 27 of a ziggurat
 66759 | Zig:27   | Reached skill level 10 in Air Magic
 66795 | Zig:27   | Identified the +10 long sword of Inquiry {freeze, rN+ Str+3
                  | Int+3}
 66796 | Zig:27   | Identified the +8 quarterstaff of Yjaig {speed, rN++ Str+2}
 66801 | Zig:27   | Identified the ring of Secrets {Drain rC- rCorr Dex+8
                  | Stlth+}
 66803 | Zig:27   | Identified the ring "Sivailik" {Ice +Blink Fly Will- MP+9}
 66806 | Zig:27   | Identified the +3 trident "Yproonk" {vorpal, Will+}
 66836 | Zig:27   | Identified the +4 broad axe of Ashenzari's Wrath {protect,
                  | rElec rPois Stlth+}
 66837 | Zig:27   | Identified the ring of Ruebyir {Contam +Blink MP+9 Slay+6
                  | Stlth+}
 66936 | Depths:4 | Found a gate to the Realm of Zot.
 67598 | Zot:1    | Entered Level 1 of the Realm of Zot
 67692 | Zot:1    | You fall into a shaft and drop 1 floor!
 67714 | Zot:2    | Reached skill level 15 in Air Magic
 67775 | Zot:2    | Noticed a dread lich
 67778 | Zot:2    | Killed a dread lich
 68299 | Zot:1    | Reached skill level 1 in Polearms
 69149 | Zot:2    | Noticed a dread lich
 69152 | Zot:2    | Killed a dread lich
 69153 | Zot:2    | Noticed a dread lich
 69157 | Zot:2    | Killed a dread lich
 69210 | Zot:2    | Found the -2 hat of the Alchemist {rElec rPois rF+ rC+ rN+
                  | Will+ rMut rCorr}
 69818 | Zot:3    | Identified the +0 plate armour "Bemymeul" {rN+}
 69843 | Zot:3    | Reached skill level 20 in Spellcasting
 70001 | Zot:3    | Reached skill level 5 in Stealth
 70813 | Zot:4    | Found a transporter.
 70931 | Zot:4    | Noticed an ancient lich
 70966 | Zot:4    | Identified the amulet of Siderras {Regen+ Str+3}
 70971 | Zot:4    | Identified the ring "Opnito" {Str+6 Int+2}
 71001 | Zot:4    | Identified the amulet "Peidit" {Faith rCorr Str+5 Int-2}
 71006 | Zot:4    | Identified the amulet of Contentment {Reflect -Tele Str+6
                  | Int+9 Dex-4 SH+5}
 71106 | Zot:4    | Killed an ancient lich
 71151 | Zot:4    | Identified the +7 morningstar of Makhleb's Delight {drain,
                  | Fly Stlth+}
 71177 | Zot:4    | Reached skill level 21 in Spellcasting
 71198 | Zot:4    | Found a transporter.
 71742 | Zot:5    | Entered Level 5 of the Realm of Zot
 72018 | Zot:5    | Noticed an ancient lich
 72020 | Zot:5    | Noticed a dread lich
 72022 | Zot:5    | Killed an ancient lich
 72023 | Zot:5    | Reached skill level 22 in Spellcasting
 72023 | Zot:5    | Killed a dread lich
 72026 | Zot:5    | Noticed an orb of fire
 72029 | Zot:5    | Killed an orb of fire
 72045 | Zot:5    | Noticed an orb of fire
 72046 | Zot:5    | Reached skill level 23 in Spellcasting
 72046 | Zot:5    | Gained mutation: Your mind is very acute. (Int +8, Str/Dex
                  | -2) [an orb of fire]
 72047 | Zot:5    | Gained mutation: You are weak. (Str -2) [an orb of fire]
 72047 | Zot:5    | Gained mutation: Your body sometimes deteriorates upon
                  | taking damage. [an orb of fire]
 72048 | Zot:5    | Killed an orb of fire
 72051 | Zot:5    | Noticed a dread lich
 72053 | Zot:5    | Killed a dread lich
 72054 | Zot:5    | Noticed an ancient lich
 72055 | Zot:5    | Killed an ancient lich
 72055 | Zot:5    | Noticed an ancient lich
 72058 | Zot:5    | Killed an ancient lich
 72156 | Zot:5    | Learned a level 8 spell: Necromutation
 72163 | Zot:5    | Reached skill level 1 in Necromancy
 72189 | Zot:5    | Noticed an ancient lich
 72191 | Zot:5    | Killed an ancient lich
 73010 | Zot:5    | Got the Orb of Zot
 73082 | Zot:1    | Noticed Jarchag the pandemonium lord
 73083 | Zot:1    | Killed Jarchag the pandemonium lord
 73265 | D:11     | Reached skill level 5 in Necromancy
 73445 | D:4      | Noticed Amoquziu the pandemonium lord
 73447 | D:4      | Killed Amoquziu the pandemonium lord
 73590 | D:$      | Escaped with the Orb!

Illustrated notes

Levels and vault maps discovered:
D:1:      co_arrival_square_in_a_square_in_a_square, layout_loops_ring,
          dreamdust_ecumenical_altar_drowned_temple, minmay_box_of_dots
D:2:      cheibrodos_old_hovel, layout_basic, chequers_jeans,
          hangedman_decor_lopped
D:3:      layout_loops_ring, nicolae_yredelemnul_corpse_copse,
          nemelex_dance_club_becter, serial_shops, shop,
          pf_guarded_unrand_delatra
D:4:      layout_rooms, mainiacjoe_overflow_six_doors_small
D:5:      layout_gridville, gammafunk_temple_overflow_claw,
          chequers_serial_rivers_micro_c, minmay_quadrilaterals, uniq_eustachio
D:6:      layout_rooms, kennysheep_okawaru_gauntlet,
          minmay_temple_entry_poolview
D:7:      layout_gridville, minivault_5, amcnicky_mini_corridor_feature
D:8:      layout_loops_ring, nicolae_ru_sacrificial_ziggurat, enter_ossuary_1,
          serial_shops, nicolae_shop_bloodbath_and_beyond
D:9:      layout_roguey, general_overflow_altar,
          kennysheep_orc_monster_closet_entryway
D:10:     cheibrodos_elevator_heist, layout_loops_ring, enter_bailey_6,
          laboratory, uniq_lodul, uniq_joseph
D:11:     layout_long_grid, erik_lair_orcish_takeover
D:12:     layout_loops_ring, uniq_josephine, uniq_azrael
D:13:     layout_rooms, gauntlet_entry_generic
D:14:     layout_cross, david_vaults_4, serial_rivers,
          chequers_serial_rivers_micro_a, chequers_serial_rivers_marsh,
          chequers_serial_rivers_large_b, chequers_serial_rivers_micro_d,
          chequers_serial_rivers_marsh
D:15:     hangedman_depths_entry_civil_slaughter, layout_cave_pools,
          lemuel_crystal_altar, zin_purify, uniq_rupert, uniq_roxanne,
          uniq_agnes
Temple:   hellmonk_temple_divided_pantheon
Lair:1:   layout_cave_pods
Lair:2:   layout_long_grid, beast_lair_carwin_11
Lair:3:   layout_cave_pods, minmay_swamp_entry_swarm,
          nicolae_spider_entry_tight_spaces
Lair:4:   layout_loops_ring, slime_entry_1, nicolae_quartered_pool_super,
          evilmike_ambush [evilmike_ambush_outer_corners,
          evilmike_ambush_inner_basic], infiniplex_staircase_pool
Lair:5:   minmay_lair_end_enchanted_forest, layout_hall_layers, enter_volcano_4,
          cheibrodos_lair_lostbears, uniq_kirke
Swamp:1:  layout_basic_swamp, evilmike_swamp_ruin_rubble_1
Swamp:2:  layout_basic_swamp, evilmike_swamp_ruin_wall
Swamp:3:  nicolae_swamp_flooded_prison, layout_basic_swamp,
          hangedman_swamp_ruin_hall, swamp_pool1, uniq_donald
Swamp:4:  swamp_alternative, layout_basic_swamp,
          portal_ice_cave_entry_ice_statue_two, swamp_pool3
Spider:1: layout_chambers, gammafunk_ghost_cemetery,
          hangedman_spider_tarantella_strand
Spider:2: layout_cave_pods, uniq_aizul
Spider:3: layout_spider_delve
Spider:4: spider_rune_water, uniq_bai_suzhen
Slime:1:  layout_caves
Slime:2:  cheibrodos_slime_lost_civilization_3, layout_caves, uniq_dissolution
Slime:3:  layout_caves
Slime:4:  layout_caves
Slime:5
Orc:1:    layout_caves
Orc:2:    st_orc_ogre_mass, layout_diamond_mine
Elf:1:    eino_elf_arrival_shootout, layout_gridlike, minmay_elf_sorcery
Elf:2:    elven_hall_of_blades_hangedman_original
          [infiniplex_blade_entry_pillars], layout_gridlike, uniq_louise,
          uniq_jorgrun
Elf:3:    minmay_elf_hall_four_x, layout_gridlike
Vaults:1: grunt_vaults_swirl, vaults_room_door_ring,
          nicolae_vaults_three_branches, grunt_vaults_diagonal,
          special_room_vaults [special_room_orc], ontoclasm_vaults_pinch,
          vaults_dpeg_diagonal, layout_vaults_omnigrid, serial_shops, shop
Vaults:2: nicolae_vaults_arrows, special_room_vaults [special_room_orc],
          vaults_dpeg_ring, v_misc_2, nicolae_vaults_little_squares_4,
          nicolae_vaults_little_squares_2, v_misc_27,
          nicolae_vaults_network_periphery, nicolae_vaults_asterisk,
          minmay_crypt_entry_simple_sparse, dpeg_vaults_monster_box,
          layout_vaults_omnicross
Vaults:3: nicolae_vaults_shelves_hall, nicolae_vaults_diagonal_hallway_8,
          hangedman_vaults_river_flow, nicolae_vaults_windows_and_doors_thing,
          v_misc_16, v_misc_33, v_misc_19, hangedman_vaults_restitches,
          vaults_room_door_ring, nicolae_vaults_little_squares_4, v_misc_1,
          vaults_room_hangedman_quadrants, nicolae_vaults_theta,
          nicolae_vaults_rhombus_5, layout_vaults_ring, serial_shops,
          nicolae_lakefront_shop, shop, nicolae_shop_trees
Vaults:4: dpeg_vaults_waves, nicolae_vaults_big_ls, v_misc_5,
          grunt_vaults_focal, vaults_room_pool, v_misc_25,
          vaults_room_grunt_arrival_ludios, hangedman_vaults_stagger, v_misc_29,
          hangedman_vaults_nails, layout_vaults_big_room, uniq_frederick
Vaults:5
Crypt:1:  layout_regular_city, st_stairs_11, uniq_sojobo, uniq_josephina
Crypt:2:  layout_gridlike, grunt_ministairs_9, minivault_27, grunt_megastairs_5,
          lemuel_upstairs_altar
Crypt:3:  lightli_unholy_cathedral, layout_chaotic_city,
          tomb_entry_simple_bobbens
Depths:1: layout_roguey, fedhas_altar_4, rand_demon_pan_entry_5, pf_coc_iceberg,
          nicolae_wwwww, hangedman_corner_corridor, serial_bayou_shore_b,
          serial_bayou_shore_a
Depths:2: kennysheep_big_flooded_room, layout_gridlike, grunt_pan_entry_spiral,
          serial_bayou, serial_bayou_pond_d, serial_bayou_pond_e,
          serial_bayou_pond_d, serial_bayou_shore_b, hell_entry,
          infiniplex_enter_wizlab_glasses, minmay_misc_feat_five,
          lemuel_old_faithful, uniq_enchantress, uniq_nikola, uniq_vv
Depths:3: grunt_runaround [grunt_runaround_doors_1, grunt_runaround_doors_2,
          grunt_runaround_doors_3, grunt_runaround_doors_4,
          grunt_runaround_loot], hell_entry, abyss_entry
Depths:4: grunt_twist_and_shout, layout_gridlike, enter_ziggurat_e, abyss_entry,
          grunt_decor_fettered, hell_entry
Zot:1:    layout_basic, grunt_ministairs_4
Zot:2:    hellmonk_paralyzer, layout_misc_corridors, skrybe_zot_glass_1
Zot:3:    layout_gridville, st_large_dragon_hoard_3
Zot:4:    gammafunk_dig_for_victory, layout_misc_corridors
Zot:5:    layout_cathedral_of_symmetry

Skill      XL: |  1  2  3  4  5  6  7  8  9 10 11 12 13 14 15 16 17 18 19 20 21 22 23 24 25 26 27 |
---------------+----------------------------------------------------------------------------------+-----
Spellcasting   | 3 7 10 12 13 14 15 16 23 | 23.9
Conjurations   | 1 2 3 5 7 9 10 15 17 18 21 | 21.5
Earth Magic    | 4 6 11 16 18 20 22 | 22.1
Shields        | 1 6 11 | 11.9
Ice Magic      | 6 10 12 16 17 18 20 | 20.6
Air Magic      | 2 3 15 | 15.0
Fighting       | 2 3 5 6 9 14 19 | 19.4
Dodging        | 6 10 13 | 13.0
Fire Magic     | 5 7 14 15 21 | 21.9
Translocations | 2 |  2.0
Transmutations | 5 9 |  9.9
Evocations     | 3 7 16 | 16.0
Stealth        | 3 9 |  9.8
Staves         | 8 12 13 | 13.9
Polearms       | 1 |  1.6
Necromancy     | 6 |  6.7

Action                   |  1- 3 |  4- 6 |  7- 9 | 10-12 | 13-15 | 16-18 | 19-21 | 22-24 | 25-27 || total
-------------------------+-------+-------+-------+-------+-------+-------+-------+-------+-------++-------
Melee: Short sword       |     3 |       |       |       |       |       |    38 |     9 |       ||    50
       Constrict         |     2 |     7 |     8 |     8 |       |       |     5 |    20 |    50 ||   100
       Rapier            |     7 |     6 |    32 |    24 |       |       |       |       |       ||    69
       Tentacles         |       |     8 |     8 |     6 |     2 |       |    19 |    65 |   161 ||   269
       Dagger            |       |    19 |       |       |       |       |       |       |       ||    19
       Flail             |       |     2 |       |       |       |       |       |       |       ||     2
       Punch             |       |     1 |       |       |       |       |     2 |     5 |    10 ||    18
       Staff             |       |       |       |     1 |     6 |     1 |     5 |   142 |   170 ||   325
       Quarterstaff      |       |       |       |       |       |       |       |       |   175 ||   175
 Fire: Sling             |    20 |    68 |    44 |   105 |    17 |       |       |       |       ||   254
Throw: Stone             |     1 |       |       |       |     4 |     1 |     2 |       |     1 ||     9
 Cast: Sandblast         |    50 |    91 |    66 |    40 |   277 |   322 |   194 |    58 |    80 ||  1178
       Stone Arrow       |       |     9 |    62 |    64 |    34 |     1 |       |       |       ||   170
       Freezing Cloud    |       |       |       |    24 |    68 |    68 |    40 |       |       ||   200
       Ozocubu's Armour  |       |       |       |     2 |     3 |       |       |       |       ||     5
       Ozocubu's Refrige |       |       |       |     2 |    90 |   134 |    53 |       |       ||   279
       Iron Shot         |       |       |       |       |    50 |   158 |   110 |    54 |    40 ||   412
       Statue Form       |       |       |       |       |       |    19 |    48 |    40 |    86 ||   193
       Frozen Ramparts   |       |       |       |       |       |     2 |    18 |       |       ||    20
       Starburst         |       |       |       |       |       |     1 |     5 |       |       ||     6
       Blink             |       |       |       |       |       |     1 |    13 |     2 |     2 ||    18
       Shatter           |       |       |       |       |       |       |   103 |   101 |   243 ||   447
       Polar Vortex      |       |       |       |       |       |       |     1 |    48 |    80 ||   129
       Ignition          |       |       |       |       |       |       |       |       |    10 ||    10
       Fire Storm        |       |       |       |       |       |       |       |       |    55 ||    55
       Maxwell's Capacit |       |       |       |       |       |       |       |       |    23 ||    23
 Abil: End Transformatio |       |       |       |       |       |       |     1 |       |     5 ||     6
Evoke: Wand              |       |       |    15 |     2 |     7 |    12 |     8 |       |       ||    44
       Condenser vane    |       |       |       |       |       |       |       |     1 |       ||     1
  Use: Scroll            |     2 |     7 |     8 |     9 |    11 |    12 |     9 |     3 |    13 ||    74
       Potion            |       |     1 |     4 |     6 |     2 |     4 |    10 |       |    17 ||    44
 Stab: Sleeping          |     1 |       |       |       |       |       |     2 |       |     1 ||     4
       Petrified         |       |       |       |       |       |       |       |       |     5 ||     5
Armor: Skin              |     3 |    14 |    19 |     6 |    10 |   102 |   218 |   199 |   212 ||   783
Dodge: Dodged            |    18 |    57 |    48 |    24 |    95 |   228 |   368 |   447 |   660 ||  1945
Block: Buckler           |       |    14 |    22 |    15 |    45 |   122 |   167 |   188 |    86 ||   659
       Other             |       |       |       |       |       |       |       |       |    73 ||    73
       Reflection        |       |       |       |       |       |       |       |       |     5 ||     5
